[Event "Hunan Belt and Road Open 2019"]
[Site "Hunan"]
[Date "2019.08.04"]
[Round "7.15"]
[White "Oleksiyenko, Mykhaylo"]
[Black "Batchuluun, Tsegmed"]
[Result "1/2-1/2"]
[ECO "C54"]
[WhiteElo "2600"]
[BlackElo "2535"]
[Annotator "ChessBase"]
[PlyCount "88"]
[EventDate "2019.07.29"]
[EventType "swiss"]
[EventCountry "CHN"]
[SourceTitle "playchess.com"]
[Source "ChessBase"]
[SourceQuality "1"]
[TimeControl "5400+30"]

1. e4 e5 2. Nf3 Nc6 3. Bc4 Bc5 4. c3 Nf6 5. d4 exd4 6. e5 d5 7. Bb5 Ne4 8. cxd4 Bb6 9. Nc3 O-O 10. Be3 Bg4 11. h3 Bh5 12. Qc2 Nxc3 13. bxc3 f6 14. exf6 Qxf6 15. Be2 Rae8 16. O-O Na5 17. Ne5 Bxe2 18. Qxe2 Qe6 19. Rae1 c6 20. f4 Nc4 21. Qc2 Bc7 22. Bc1 Qd6 23. Kh1 b5 24. a4 a6 25. Qa2 Qe6 26. Ba3 Nxa3 27. Qxa3 Bd6 28. Qa1 Bxe5 29. Rxe5 Qd7 30. axb5 axb5 31. Qa3 Rxe5 32. dxe5 g5 33. Re1 Rxf4 34. e6 Qe8 35. e7 Re4 36. Rxe4 dxe4 37. Qa2+ Kg7 38. Qe6 e3 39. Qxe3 Kf6 40. Qe4 Qxe7 41. Qxc6+ Qe6 42. Qxb5 Qe1+ 43. Kh2 Qxc3 44. Qb6+ Ke5 1/2-1/2

[Event "Hunan Belt and Road Open 2019"]
[Site "Hunan"]
[Date "2019.08.04"]
[Round "7.16"]
[White "Yu, Ruiyuan"]
[Black "Wen, Yang"]
[Result "1/2-1/2"]
[ECO "C54"]
[WhiteElo "2464"]
[BlackElo "2586"]
[Annotator "ChessBase"]
[PlyCount "84"]
[EventDate "2019.07.29"]
[EventType "swiss"]
[EventCountry "CHN"]
[SourceTitle "playchess.com"]
[Source "ChessBase"]
[SourceQuality "1"]
[TimeControl "5400+30"]

1. e4 e5 2. Nf3 Nc6 3. Bc4 Bc5 4. c3 Nf6 5. d4 exd4 6. e5 d5 7. Bb5 Ne4 8. cxd4 Bb6 9. Nc3 O-O 10. Be3 Bg4 11. h3 Bh5 12. Qc2 Nxc3 13. bxc3 f6 14. exf6 Qxf6 15. Be2 Bxf3 16. Bxf3 Ne7 17. O-O c6 18. Bg4 Nf5 19. Rae1 Nxe3 20. Rxe3 c5 21. dxc5 Bxc5 22. Rd3 Rad8 23. Bf3 Kh8 24. Rxd5 Rxd5 25. Bxd5 b6 26. Be4 Qe5 27. Qd3 g6 28. g3 Qe6 29. c4 Qf6 30. Kg2 Qb2 31. Qc2 Qxc2 32. Bxc2 Rd8 33. Rd1 Rxd1 34. Bxd1 g5 35. Bg4 Kg7 36. Bc8 h6 37. Ba6 Kf6 38. Kf3 Ke5 39. h4 gxh4 40. gxh4 Kf5 41. Bc8+ Ke5 42. Kg3 a5 1/2-1/2

[Event "Hunan Belt and Road Open 2019"]
[Site "Hunan"]
[Date "2019.08.04"]
[Round "7.17"]
[White "Motylev, Alexander"]
[Black "Liu, Yan"]
[Result "1/2-1/2"]
[ECO "C43"]
[WhiteElo "2654"]
[BlackElo "2516"]
[Annotator "ChessBase"]
[PlyCount "48"]
[EventDate "2019.07.29"]
[EventType "swiss"]
[EventCountry "CHN"]
[SourceTitle "playchess.com"]
[Source "ChessBase"]
[SourceQuality "1"]
[TimeControl "5400+30"]

1. e4 e5 2. Nf3 Nf6 3. d4 Nxe4 4. Bd3 d5 5. Nxe5 Nd7 6. Nc3 Nxe5 7. dxe5 Nxc3 8. bxc3 c6 9. O-O Bc5 10. Rb1 O-O 11. Kh1 b5 12. f4 f5 13. exf6 Qxf6 14. f5 Bd6 15. Qg4 h6 16. Bf4 Bd7 17. Bxd6 Qxd6 18. Rbd1 Rf7 19. Qh4 Re8 20. Qf2 c5 21. c4 bxc4 22. Bxc4 Re5 23. Qg3 Rf6 24. Bd3 Qe7 1/2-1/2

[Event "Hunan Belt and Road Open 2019"]
[Site "Hunan"]
[Date "2019.08.04"]
[Round "7.18"]
[White "Chen, Qi b"]
[Black "Lu, Shanglei"]
[Result "1/2-1/2"]
[ECO "B90"]
[WhiteElo "2414"]
[BlackElo "2619"]
[Annotator "ChessBase"]
[PlyCount "58"]
[EventDate "2019.07.29"]
[EventType "swiss"]
[EventCountry "CHN"]
[SourceTitle "playchess.com"]
[Source "ChessBase"]
[SourceQuality "1"]
[TimeControl "5400+30"]

1. e4 c5 2. Nf3 d6 3. d4 cxd4 4. Nxd4 Nf6 5. Nc3 a6 6. h3 e5 7. Nde2 h5 8. Nd5 Nxe4 9. Be3 Nd7 10. g3 Nef6 11. Nec3 b5 12. Bg2 Rb8 13. Bg5 b4 14. Ne4 Bb7 15. Nexf6+ gxf6 16. Bh4 Be7 17. O-O Bxd5 18. Qxd5 Qc8 19. Rfd1 Rb6 20. Qf3 Kf8 21. Rac1 Kg7 22. c3 b3 23. axb3 Rxb3 24. Rd2 a5 25. Rcd1 Qc7 26. Qf5 a4 27. f4 Rh6 28. Kh2 a3 29. bxa3 Rxa3 1/2-1/2

[Event "Hunan Belt and Road Open 2019"]
[Site "Hunan"]
[Date "2019.08.04"]
[Round "7.19"]
[White "Ju, Wenjun"]
[Black "Xu, Zhihang"]
[Result "1-0"]
[ECO "E08"]
[WhiteElo "2595"]
[BlackElo "2501"]
[Annotator "ChessBase"]
[PlyCount "141"]
[EventDate "2019.07.29"]
[EventType "swiss"]
[EventCountry "CHN"]
[SourceTitle "playchess.com"]
[Source "ChessBase"]
[SourceQuality "1"]
[TimeControl "5400+30"]

1. d4 Nf6 2. c4 e6 3. g3 d5 4. Bg2 Bb4+ 5. Bd2 Be7 6. Nf3 O-O 7. O-O Nbd7 8. Qc2 c6 9. Bf4 b6 10. Rd1 Bb7 11. Ne5 Nh5 12. Bd2 Nhf6 13. cxd5 cxd5 14. Nc6 Bxc6 15. Qxc6 Qc8 16. Qb5 a6 17. Qd3 b5 18. Nc3 Nb6 19. e3 Qc4 20. Qb1 Qc6 21. Rc1 Qd7 22. Ne2 Bd6 23. Be1 Rfc8 24. Qd3 h6 25. f3 Qa7 26. Bf2 Nfd7 27. Bh3 Qb7 28. e4 Rxc1+ 29. Rxc1 dxe4 30. fxe4 Rc8 31. Rxc8+ Qxc8 32. b3 Qd8 33. Qc2 Qc7 34. Qxc7 Bxc7 35. Kg2 Kf8 36. Nc1 Nf6 37. Kf3 Nbd7 38. Nd3 Ke7 39. Bf1 Nb8 40. Nc5 Nfd7 41. b4 Nb6 42. Bd3 Kd6 43. Ke2 Kc6 44. h3 Nc8 45. Nb3 Bb6 46. Kf3 Kc7 47. Nc5 Ne7 48. a3 Kc6 49. Be3 Bc7 50. h4 Bd6 51. g4 Nc8 52. h5 a5 53. g5 hxg5 54. Bxg5 axb4 55. axb4 Kb6 56. Bd2 Nc6 57. Bc3 N8e7 58. Be2 Ng8 59. Ke3 Be7 60. Nd7+ Kc7 61. Nc5 Kb6 62. Kd3 Nh6 63. Kc2 e5 64. Nd7+ Kc7 65. Nxe5 Nxb4+ 66. Kb3 Nc6 67. Nxc6 Kxc6 68. d5+ Kd6 69. Bb4+ Kd7 70. Bxb5+ Kd8 71. d6 {[%emt 0:00:02] Ke8} 1-0

[Event "Hunan Belt and Road Open 2019"]
[Site "Hunan"]
[Date "2019.08.04"]
[Round "7.20"]
[White "Zhao, Zong-Yuan"]
[Black "Peng, Xiongjian"]
[Result "0-1"]
[ECO "C54"]
[WhiteElo "2529"]
[BlackElo "2467"]
[Annotator "ChessBase"]
[PlyCount "56"]
[EventDate "2019.07.29"]
[EventType "swiss"]
[EventCountry "CHN"]
[SourceTitle "playchess.com"]
[Source "ChessBase"]
[SourceQuality "1"]
[TimeControl "5400+30"]

1. e4 e5 2. Nf3 Nc6 3. Bc4 Nf6 4. d3 Bc5 5. c3 d6 6. O-O O-O 7. Bg5 h6 8. Bh4 g5 9. Bg3 a5 10. Re1 g4 11. Nfd2 Nh5 12. Nf1 Qg5 13. a4 Be6 14. Na3 Nxg3 15. hxg3 Bxc4 16. Nxc4 f5 17. Nce3 f4 18. gxf4 exf4 19. Nf5 h5 20. d4 Bb6 21. Qb3+ Kh8 22. Qb5 Ne5 23. Kh1 Rae8 24. Rad1 Re6 25. Nh2 g3 26. Qf1 Rxf5 27. fxg3 Rff6 28. dxe5 fxg3 0-1

[Event "Hunan Belt and Road Open 2019"]
[Site "Hunan"]
[Date "2019.08.04"]
[Round "7.21"]
[White "Li, Di"]
[Black "Taher, Yoseph Theolifus"]
[Result "1-0"]
[ECO "D37"]
[WhiteElo "2523"]
[BlackElo "2460"]
[Annotator "ChessBase"]
[PlyCount "39"]
[EventDate "2019.07.29"]
[EventType "swiss"]
[EventCountry "CHN"]
[SourceTitle "playchess.com"]
[Source "ChessBase"]
[SourceQuality "1"]
[TimeControl "5400+30"]

1. d4 Nf6 2. Nf3 d5 3. c4 e6 4. Nc3 a6 5. cxd5 exd5 6. Bg5 Be6 7. Qb3 b5 8. Bxf6 Qxf6 9. a4 b4 10. Nxd5 Qd8 11. e4 c6 12. Qe3 cxd5 13. exd5 Qxd5 14. Rc1 Be7 15. Bd3 f5 16. O-O Qd6 17. Rfe1 Bd7 18. Ne5 f4 19. Qf3 O-O 20. Qxa8 1-0

[Event "Hunan Belt and Road Open 2019"]
[Site "Hunan"]
[Date "2019.08.04"]
[Round "7.22"]
[White "Chu, Wei Chao"]
[Black "Lei, Tingjie"]
[Result "1-0"]
[ECO "E04"]
[WhiteElo "2406"]
[BlackElo "2505"]
[Annotator "ChessBase"]
[PlyCount "69"]
[EventDate "2019.07.29"]
[EventType "swiss"]
[EventCountry "CHN"]
[SourceTitle "playchess.com"]
[Source "ChessBase"]
[SourceQuality "1"]
[TimeControl "5400+30"]

1. d4 Nf6 2. c4 e6 3. Nf3 d5 4. g3 dxc4 5. Bg2 Bb4+ 6. Bd2 a5 7. O-O O-O 8. Qc2 Bxd2 9. Nbxd2 b5 10. a4 c6 11. b3 cxb3 12. Nxb3 Nd5 13. e4 Ne7 14. Rfd1 Nd7 15. Ne5 Nb8 16. h4 f6 17. Nd3 Qb6 18. Nbc5 Kh8 19. Nf4 Na6 20. Nfxe6 Bxe6 21. Nxe6 Rfe8 22. h5 Ng8 23. Qb3 Nh6 24. Rac1 Rac8 25. Bh3 Rb8 26. d5 cxd5 27. exd5 Qd6 28. Rc6 Qb4 29. Qd3 Ra8 30. d6 Nb8 31. Rc7 Rg8 32. d7 Nxd7 33. Qxd7 Qxa4 34. Nxg7 Nf7 35. Ne6 1-0

[Event "Hunan Belt and Road Open 2019"]
[Site "Hunan"]
[Date "2019.08.04"]
[Round "7.24"]
[White "Fang, Yan"]
[Black "Adhiban, B.."]
[Result "1/2-1/2"]
[ECO "A47"]
[WhiteElo "2424"]
[BlackElo "2665"]
[Annotator "ChessBase"]
[PlyCount "77"]
[EventDate "2019.07.29"]
[EventType "swiss"]
[EventCountry "CHN"]
[SourceTitle "playchess.com"]
[Source "ChessBase"]
[SourceQuality "1"]
[TimeControl "5400+30"]

1. d4 Nf6 2. Nf3 b6 3. g3 Bb7 4. Bg2 c5 5. O-O cxd4 6. Nxd4 Bxg2 7. Kxg2 Qc8 8. b3 h5 9. h4 Qb7+ 10. Kg1 d5 11. c4 dxc4 12. bxc4 g6 13. Nc3 Bg7 14. Qa4+ Qd7 15. Ba3 Qxa4 16. Nxa4 Nfd7 17. e3 O-O 18. Rac1 Rc8 19. c5 bxc5 20. Nxc5 Bxd4 21. exd4 Nb6 22. Ne4 Nc6 23. Rfd1 Nd5 24. Rc5 Ncb4 25. Bxb4 Nxb4 26. a3 Rxc5 27. dxc5 Nc6 28. Rd7 Rc8 29. Kg2 Kf8 30. Rb7 Ke8 31. a4 a5 32. Nc3 Nd4 33. Nb5 Nc6 34. Nc3 Kd8 35. Nd5 Rb8 36. Rc7 Rc8 37. Rb7 Rb8 38. Rc7 Rc8 39. Rb7 1/2-1/2

[Event "Hunan Belt and Road Open 2019"]
[Site "Hunan"]
[Date "2019.08.04"]
[Round "7.25"]
[White "Yeoh, Li Tian"]
[Black "Batsiashvili, Nino"]
[Result "1-0"]
[ECO "A09"]
[WhiteElo "2528"]
[BlackElo "2433"]
[Annotator "ChessBase"]
[PlyCount "85"]
[EventDate "2019.07.29"]
[EventType "swiss"]
[EventCountry "CHN"]
[SourceTitle "playchess.com"]
[Source "ChessBase"]
[SourceQuality "1"]
[TimeControl "5400+30"]

1. Nf3 d5 2. g3 c5 3. c4 d4 4. e3 Nc6 5. exd4 cxd4 6. Bg2 e5 7. O-O Bd6 8. Re1 Nge7 9. d3 Ng6 10. a3 a5 11. Qc2 Bg4 12. Nbd2 O-O 13. c5 Be7 14. Nc4 Bxf3 15. Bxf3 Bxc5 16. Qb3 Qe7 17. Bd2 a4 18. Qb5 Ra6 19. Rac1 Rb8 20. Na5 Nxa5 21. Bxa5 Bd6 22. Bb6 Raa8 23. Rc4 Qg5 24. Kf1 h5 25. h4 Qf5 26. Be4 Qh3+ 27. Kg1 Qg4 28. Qd5 Be7 29. Bf3 Qf5 30. Rec1 Re8 31. Qe4 Qe6 32. Bc7 Ra7 33. Bxh5 f5 34. Qg2 Kh7 35. Bd1 Bf6 36. Qf3 Nf8 37. Rxa4 Rea8 38. Rb4 g6 39. Rb6 Qe7 40. Bd6 Qd8 41. Rc7+ Kh6 42. Qd5 Ra5 43. Qf7 1-0

[Event "Hunan Belt and Road Open 2019"]
[Site "Hunan"]
[Date "2019.08.04"]
[Round "7.26"]
[White "Wang, Yiye"]
[Black "Radovanovic, Mihajlo"]
[Result "0-1"]
[ECO "A49"]
[WhiteElo "2440"]
[BlackElo "2500"]
[Annotator "ChessBase"]
[PlyCount "44"]
[EventDate "2019.07.29"]
[EventType "swiss"]
[EventCountry "CHN"]
[SourceTitle "playchess.com"]
[Source "ChessBase"]
[SourceQuality "1"]
[TimeControl "5400+30"]

1. d4 Nf6 2. Nf3 g6 3. g3 Bg7 4. Bg2 O-O 5. O-O d6 6. b3 a5 7. Bb2 a4 8. c4 Nbd7 9. Nc3 a3 10. Bc1 e5 11. dxe5 dxe5 12. Ne1 e4 13. Nc2 c6 14. Bxa3 Rxa3 15. Nxa3 Qa5 16. Nab1 Ng4 17. h3 Ndf6 18. Qd6 e3 19. hxg4 exf2+ 20. Rxf2 Nxg4 21. Rf3 Rd8 22. b4 Qa7+ 0-1

[Event "Hunan Belt and Road Open 2019"]
[Site "Hunan"]
[Date "2019.08.04"]
[Round "7.27"]
[White "Gusain, Himal"]
[Black "Lou, Yiping"]
[Result "1-0"]
[ECO "D45"]
[WhiteElo "2407"]
[BlackElo "2489"]
[Annotator "ChessBase"]
[PlyCount "156"]
[EventDate "2019.07.29"]
[EventType "swiss"]
[EventCountry "CHN"]
[SourceTitle "playchess.com"]
[Source "ChessBase"]
[SourceQuality "1"]
[TimeControl "5400+30"]

1. Nf3 d5 2. e3 Nf6 3. c4 c6 4. Nc3 e6 5. d4 Nbd7 6. b3 Bb4 7. Bd2 O-O 8. Be2 b6 9. O-O Bd6 10. a4 Bb7 11. Qb1 c5 12. a5 Ne4 13. Nb5 Bb8 14. a6 Bc6 15. cxd5 Bxd5 16. Rd1 Ndf6 17. Be1 Qe7 18. Ne5 cxd4 19. exd4 Nd7 20. f3 Nef6 21. f4 Be4 22. Qc1 Nd5 23. Qd2 Qe8 24. Bg3 f6 25. Nc4 Qe7 26. Re1 f5 27. Ne5 Rc8 28. Rec1 Rxc1+ 29. Rxc1 Bd6 30. Nc6 Qf8 31. Nbxa7 Nb4 32. Bc4 Kh8 33. Bxe6 Nc5 34. dxc5 Bxc5+ 35. Rxc5 bxc5 36. Nxb4 Rxa7 37. Nd3 Rxa6 38. Bc4 Ra1+ 39. Ne1 h6 40. h3 Qa8 41. Bh4 Kh7 42. Bf1 Rb1 43. Bf2 Rxb3 44. Bxc5 Rb1 45. Bf2 Qb8 46. Bd4 Qd8 47. Kf2 Qd6 48. Qe3 Rd1 49. Bc3 Qc6 50. Be2 Rb1 51. Bd4 Qb7 52. Nf3 Rb4 53. Bc3 Ra4 54. Qd2 Qa7+ 55. Kg3 Ra2 56. Qd1 Qc7 57. Be5 Qa7 58. Kh2 Qb7 59. Ne1 Qa7 60. Bf3 Bxf3 61. Qxf3 Ra3 62. Qh5 Qd7 63. Nf3 Ra8 64. Nh4 Rf8 65. Qg6+ Kg8 66. Nf3 Qf7 67. Qg3 Qd7 68. Nd4 Re8 69. Qd3 g6 70. Qc4+ Kh7 71. Nf3 Qe6 72. Qd4 Re7 73. Qf2 Kg8 74. Qh4 h5 75. Ng5 Qd7 76. Qg3 Qd5 77. Qc3 Qd7 78. Qb3+ Kf8 1-0

[Event "Hunan Belt and Road Open 2019"]
[Site "Hunan"]
[Date "2019.08.04"]
[Round "7.28"]
[White "Wang, Chen"]
[Black "Zou, Chen"]
[Result "1-0"]
[ECO "B51"]
[WhiteElo "2476"]
[BlackElo "2440"]
[Annotator "ChessBase"]
[PlyCount "109"]
[EventDate "2019.07.29"]
[EventType "swiss"]
[EventCountry "CHN"]
[SourceTitle "playchess.com"]
[Source "ChessBase"]
[SourceQuality "1"]
[TimeControl "5400+30"]

1. e4 c5 2. Nf3 d6 3. Bb5+ Nd7 4. c3 Ngf6 5. Qe2 a6 6. Ba4 b5 7. Bc2 Bb7 8. O-O e6 9. d4 Be7 10. Nbd2 O-O 11. Re1 Qc7 12. Nf1 Rac8 13. Bd3 Rfe8 14. Ng3 Bf8 15. h3 e5 16. d5 c4 17. Bc2 a5 18. Be3 Ba6 19. Nh2 g6 20. Ng4 Nxg4 21. hxg4 b4 22. Ba4 Rb8 23. Rec1 Rec8 24. Bc6 Nc5 25. Bxc5 dxc5 26. Nf1 Bh6 27. Ne3 Rb6 28. Rd1 Rcb8 29. Nxc4 bxc3 30. bxc3 Qd8 31. a4 Bxc4 32. Qxc4 Qh4 33. Qe2 Bf4 34. g3 Bxg3 35. fxg3 Qxg3+ 36. Qg2 Qe3+ 37. Qf2 Qxe4 38. Bb5 Qxg4+ 39. Qg2 Qf4 40. Rf1 Qe3+ 41. Qf2 Qg5+ 42. Qg2 Qe3+ 43. Qf2 Qg5+ 44. Kh1 Qe7 45. Rae1 f5 46. Qg3 Rf8 47. Rxe5 Qg7 48. Rfe1 f4 49. Qh4 h5 50. Re6 Rxe6 51. dxe6 Qb7+ 52. Kg1 f3 53. e7 f2+ 54. Qxf2 Rxf2 55. Kxf2 1-0

[Event "Hunan Belt and Road Open 2019"]
[Site "Hunan"]
[Date "2019.08.04"]
[Round "7.29"]
[White "Xu, Minghui"]
[Black "Zhu, Jiner"]
[Result "0-1"]
[ECO "E71"]
[WhiteElo "2401"]
[BlackElo "2454"]
[Annotator "ChessBase"]
[PlyCount "60"]
[EventDate "2019.07.29"]
[EventType "swiss"]
[EventCountry "CHN"]
[SourceTitle "playchess.com"]
[Source "ChessBase"]
[SourceQuality "1"]
[TimeControl "5400+30"]

1. d4 Nf6 2. c4 g6 3. Nc3 Bg7 4. e4 d6 5. h3 O-O 6. Be3 e5 7. d5 Na6 8. g4 Nc5 9. Qc2 a5 10. Nge2 h5 11. g5 Nh7 12. h4 f6 13. gxf6 Bxf6 14. O-O-O Bxh4 15. f4 exf4 16. Nxf4 Bg5 17. Nce2 Bg4 18. Rg1 Qe8 19. Rxg4 hxg4 20. Bg2 Qe5 21. Rf1 Rf7 22. Kb1 Raf8 23. Bd4 Qe8 24. e5 Rxf4 25. Nxf4 Rxf4 26. Rxf4 Bxf4 27. e6 Bg5 28. Be4 Nxe4 29. Qxe4 g3 30. Qg4 Qf8 0-1

[Event "Hunan Belt and Road Open 2019"]
[Site "Hunan"]
[Date "2019.08.04"]
[Round "7.30"]
[White "Zhao, Yuanhe"]
[Black "Lin, Yi"]
[Result "1/2-1/2"]
[ECO "D14"]
[WhiteElo "2448"]
[BlackElo "2406"]
[Annotator "NA"]
[PlyCount "50"]
[EventDate "2019.07.29"]
[EventType "swiss"]
[EventCountry "CHN"]
[SourceTitle "playchess.com"]
[Source "ChessBase"]
[SourceQuality "1"]
[TimeControl "5400+30"]

1. c4 c6 2. Nf3 d5 3. d4 Nf6 4. cxd5 cxd5 5. Nc3 Nc6 6. Bf4 Bf5 7. e3 e6 8. Bd3 Bxd3 9. Qxd3 Bd6 10. Bxd6 Qxd6 11. O-O O-O 12. Rfc1 Rfc8 13. Ne2 Ne7 14. Qb5 Qd7 15. Qb3 Rxc1+ 16. Rxc1 Rc8 17. Rxc8+ Qxc8 18. Qc3 Qxc3 19. Nxc3 Nc6 20. Kf1 Kf8 21. Ke2 Ke7 22. a3 a6 23. h3 h6 24. Kd3 Kd6 25. b4 b5 {[%emt 0:00:05] Ke4 Ke5+} 1/2-1/2

[Event "Hunan Belt and Road Open 2019"]
[Site "Hunan"]
[Date "2019.08.04"]
[Round "7.31"]
[White "Zhao, Chenxi"]
[Black "Xu, Jun"]
[Result "1-0"]
[ECO "B80"]
[WhiteElo "2400"]
[BlackElo "2477"]
[Annotator "ChessBase"]
[PlyCount "65"]
[EventDate "2019.07.29"]
[EventType "swiss"]
[EventCountry "CHN"]
[SourceTitle "playchess.com"]
[Source "ChessBase"]
[SourceQuality "1"]
[TimeControl "5400+30"]

1. e4 c5 2. Nf3 e6 3. d4 cxd4 4. Nxd4 Nf6 5. Nc3 d6 6. g3 Nc6 7. Bg2 Bd7 8. O-O Be7 9. Nce2 Nxd4 10. Nxd4 Qc7 11. a4 O-O 12. Nb5 Qb8 13. Bf4 Bxb5 14. axb5 a6 15. Qe2 e5 16. Be3 axb5 17. Qxb5 Qc7 18. c3 Qc6 19. Qxc6 bxc6 20. Ba7 Rfc8 21. Bh3 Rc7 22. Bb6 Rxa1 23. Rxa1 Rb7 24. Ra8+ Bf8 25. Bd8 c5 26. Bf5 h5 27. b4 cxb4 28. cxb4 Ne8 29. Ba5 Re7 30. b5 Nc7 31. Rb8 g6 32. Bc8 Ne6 33. Bxe6 1-0

[Event "Hunan Belt and Road Open 2019"]
[Site "Hunan"]
[Date "2019.08.04"]
[Round "7.32"]
[White "Fang, Yuxiang"]
[Black "Liu, Guanchu"]
[Result "1/2-1/2"]
[ECO "E15"]
[WhiteElo "2476"]
[BlackElo "2449"]
[Annotator "ChessBase"]
[PlyCount "69"]
[EventDate "2019.07.29"]
[EventType "swiss"]
[EventCountry "CHN"]
[SourceTitle "playchess.com"]
[Source "ChessBase"]
[SourceQuality "1"]
[TimeControl "5400+30"]

1. d4 Nf6 2. c4 e6 3. Nf3 b6 4. g3 Ba6 5. b3 Bb4+ 6. Bd2 Be7 7. Bg2 c6 8. O-O d5 9. Ne5 Nfd7 10. Nxd7 Nxd7 11. Bc3 O-O 12. Nd2 Rc8 13. e4 c5 14. exd5 exd5 15. dxc5 dxc4 16. c6 cxb3 17. Re1 Bb5 18. Nxb3 Bxc6 19. Bxg7 Kxg7 20. Nd4 Bxg2 21. Nf5+ Kh8 22. Rxe7 Bh3 23. Qd4+ Ne5 24. Qxe5+ f6 25. Qe2 Bxf5 26. Rd1 Bg4 27. Rxh7+ Kxh7 28. Qxg4 Qe8 29. Rd7+ Rf7 30. Qh5+ Kg8 31. Qg6+ Kf8 32. Qh6+ Kg8 33. Qg6+ Kf8 34. Qh6+ Kg8 35. Qg6+ 1/2-1/2

[Event "Hunan Belt and Road Open 2019"]
[Site "Hunan"]
[Date "2019.08.04"]
[Round "7.33"]
[White "Gan-Erdene, Sugar"]
[Black "Li, Yankai"]
[Result "1-0"]
[ECO "B90"]
[WhiteElo "2408"]
[BlackElo "2439"]
[Annotator "NA"]
[PlyCount "115"]
[EventDate "2019.07.29"]
[EventType "swiss"]
[EventCountry "CHN"]
[SourceTitle "playchess.com"]
[Source "ChessBase"]
[SourceQuality "1"]
[TimeControl "5400+30"]

1. e4 c5 2. Nf3 d6 3. d4 cxd4 4. Nxd4 Nf6 5. Nc3 a6 6. Be3 e5 7. Nb3 Be6 8. h3 Be7 9. Qf3 Nbd7 10. g4 h6 11. O-O-O Rc8 12. Nd5 Bxd5 13. exd5 Qc7 14. Bd3 g6 15. Kb1 Nb6 16. Bxb6 Qxb6 17. Nd2 Qa5 18. c4 O-O 19. h4 b5 20. c5 Rxc5 21. Nb3 Qb4 22. Nxc5 Qxc5 23. h5 g5 24. Bf5 Re8 25. Rd2 Qb4 26. Rc2 e4 27. Qd1 Bf8 28. Qd2 Qa4 29. Rhc1 Re5 30. Rc8 Kg7 31. Ra8 Rxd5 32. Qc3 Rc5 33. Qe3 Rxc1+ 34. Qxc1 d5 35. a3 b4 36. axb4 Qxb4 37. Qc3 d4 38. Qxb4 Bxb4 39. Rxa6 e3 40. fxe3 dxe3 41. Bd3 Nxg4 42. Ra4 Ne5 43. Rxb4 Nxd3 44. Re4 Nf4 45. Rxe3 Nxh5 46. b4 Nf4 47. b5 Nd5 48. Rd3 Nb6 49. Kc2 g4 50. Kd2 Nc4+ 51. Ke2 h5 52. Rd5 Kg6 53. Rc5 Na5 54. b6 Nb7 55. Rc7 Na5 56. Ra7 Nc6 57. b7 Kg5 58. Ra6 1-0

[Event "Hunan Belt and Road Open 2019"]
[Site "Hunan"]
[Date "2019.08.04"]
[Round "7.34"]
[White "Lin, Weiguo"]
[Black "Munkhgal, Gombosuren"]
[Result "0-1"]
[ECO "E14"]
[WhiteElo "2408"]
[BlackElo "2442"]
[Annotator "NA"]
[PlyCount "74"]
[EventDate "2019.07.29"]
[EventType "swiss"]
[EventCountry "CHN"]
[SourceTitle "playchess.com"]
[Source "ChessBase"]
[SourceQuality "1"]
[TimeControl "5400+30"]

1. d4 e6 2. c4 Nf6 3. Nf3 d5 4. e3 a6 5. Nc3 Be7 6. b3 b6 7. Bd3 Bb7 8. O-O O-O 9. Bb2 Nbd7 10. Qe2 Ne4 11. Bxe4 dxe4 12. Nd2 f5 13. f3 exf3 14. Nxf3 Nf6 15. Rad1 Qe8 16. d5 Bc5 17. dxe6 Ng4 18. Nd4 Qg6 19. g3 Rae8 20. Nd5 Bd6 21. b4 c5 22. bxc5 bxc5 23. Ba3 Bc8 24. e7 Bxe7 25. Nb3 Bg5 26. Bxc5 Rf7 27. Nf4 Bxf4 28. Rxf4 Bb7 29. Rd6 Qh5 30. Nd4 Be4 31. Rxa6 h6 32. Rb6 Bd3 33. Qd2 Rxe3 34. Nf3 Qh3 35. Qg2 Qxg2+ 36. Kxg2 Re2+ 37. Kg1 Be4 0-1

[Event "Hunan Belt and Road Open 2019"]
[Site "Hunan"]
[Date "2019.08.04"]
[Round "7.35"]
[White "Setyaki, Azarya Jodi"]
[Black "Raja Harshit"]
[Result "0-1"]
[ECO "B90"]
[WhiteElo "2409"]
[BlackElo "2434"]
[Annotator "NA"]
[PlyCount "54"]
[EventDate "2019.07.29"]
[EventType "swiss"]
[EventCountry "CHN"]
[SourceTitle "playchess.com"]
[Source "ChessBase"]
[SourceQuality "1"]
[TimeControl "5400+30"]

1. e4 c5 2. Nf3 d6 3. d4 cxd4 4. Nxd4 Nf6 5. Nc3 a6 6. f3 e5 7. Nb3 Be6 8. Be3 Nbd7 9. Qd2 h5 10. Be2 Rc8 11. Nd5 Nxd5 12. exd5 Bf5 13. c4 Qh4+ 14. Bf2 Qf6 15. O-O Be7 16. Na5 Qg6 17. Kh1 Rc7 18. b4 h4 19. Rfd1 Nf6 20. c5 h3 21. g3 Be4 22. Nc4 Qf5 23. Qc3 Bxd5 24. cxd6 Rxc4 25. Bxc4 Bxf3+ 26. Kg1 Bxd1 27. Bd3 Qf3 0-1

[Event "Hunan Belt and Road Open 2019"]
[Site "Hunan"]
[Date "2019.08.04"]
[Round "7.36"]
[White "Li, Shilong"]
[Black "Xie, Jianjun"]
[Result "0-1"]
[ECO "B07"]
[WhiteElo "2457"]
[BlackElo "2417"]
[Annotator "ChessBase"]
[PlyCount "104"]
[EventDate "2019.07.29"]
[EventType "swiss"]
[EventCountry "CHN"]
[SourceTitle "playchess.com"]
[Source "ChessBase"]
[SourceQuality "1"]
[TimeControl "5400+30"]

1. e4 d6 2. d4 Nf6 3. Nc3 c6 4. f4 Qa5 5. Bd3 e5 6. Nf3 Bg4 7. Be3 Qb6 8. fxe5 dxe5 9. Qd2 Nfd7 10. O-O-O Bxf3 11. dxe5 Bc5 12. Bxc5 Qxc5 13. gxf3 Nxe5 14. Be2 Qe7 15. f4 Ng6 16. e5 Nd7 17. Ne4 O-O-O 18. Bg4 Kc7 19. Nd6 Nb6 20. Qa5 Kb8 21. Nf5 Qc7 22. Rhf1 Nd5 23. Qxc7+ Kxc7 24. e6 h5 25. Bf3 fxe6 26. Nxg7 Ndxf4 27. Rde1 e5 28. Rg1 Rdg8 29. Nf5 Rf8 30. Be4 Rf6 31. b3 Rhf8 32. Ng7 Rg8 33. Nf5 Ne7 34. Rxg8 Nxg8 35. Ne3 b5 36. a4 a6 37. axb5 axb5 38. Kb2 Rd6 39. Nf5 Rd2 40. h4 Nf6 41. Bh1 Rf2 42. Kb1 Ne2 43. Ne3 e4 44. Kb2 Kd6 45. Nd1 Rh2 46. Nc3 Nxc3 47. Kxc3 Ke5 48. Rg1 Nd5+ 49. Kb2 Ne3 50. Rg5+ Kf4 51. Bxe4 Kxe4 52. Rc5 Rxc2+ 0-1

[Event "Hunan Belt and Road Open 2019"]
[Site "Hunan"]
[Date "2019.08.05"]
[Round "8.27"]
[White "Taher, Yoseph Theolifus"]
[Black "Zhao, Chenxi"]
[Result "1/2-1/2"]
[ECO "C22"]
[WhiteElo "2460"]
[BlackElo "2400"]
[Annotator "ChessBase"]
[PlyCount "63"]
[EventDate "2019.07.29"]
[EventType "swiss"]
[EventCountry "CHN"]
[SourceTitle "playchess.com"]
[Source "ChessBase"]
[SourceQuality "1"]
[TimeControl "5400+30"]

1. e4 e5 2. d4 exd4 3. Qxd4 Nc6 4. Qe3 Nf6 5. Nc3 Bb4 6. Bd2 O-O 7. O-O-O Re8 8. Bc4 Ne5 9. Bb3 d6 10. f3 a5 11. a3 Bc5 12. Qe1 b5 13. Nxb5 a4 14. Ba2 c6 15. Nc3 Qb6 16. Bf4 Bd7 17. Bxe5 dxe5 18. Rd3 Reb8 19. Nd1 Bc8 20. Bc4 Ne8 21. f4 exf4 22. Nf3 Nd6 23. Ba2 Ba6 24. Rxd6 Bxd6 25. e5 Be7 26. Qe4 Kh8 27. h4 f5 28. Qxf5 Bxa3 29. Ng5 Bxb2+ 30. Kb1 Bd4+ 31. Bb3 Bd3 32. Nf7+ 1/2-1/2